AoeStats
← captain_shadow26

Black Forest

509694204Analyzed
3v3 RM · 5d ago on Sep 27, 2026· 77m 7s· 6 players
Game mode
Random Map
Map size
Normal (6 player)
Population
200
Speed
Normal
Resources
Standard
Victory
Conquest
Starting age
Dark Age
Ending age
Imperial Age
RankedLock teamsTeams togetherTeam positionsShared explorationLock speedFull tech treeHidden civsTurbo modeCheats
Victory
Defeat
🇩🇪 Britons · Germany
950
+18
🇩🇪 Franks · Germany
945
+19
🇩🇪 Bohemians · Germany
940
+19
🇩🇪 Bohemians · Germany
1050
-20
🇩🇪 Franks · Germany
1004
-19
🇩🇪 Vietnamese · Germany
953
-17
fcn2004
0:59 Loom
11:45 Feudal Age
20:14 Castle Age
18:35 Double-Bit Axe
21:30 Bow Saw
22:44 Wheelbarrow
31:49 Imperial Age
30:24 Hand Cart
33:06 Conscription
32:29 Cavalier
33:48 Fortified Wall
34:40 Chemistry
33:37 Murder Holes
34:03 Ballistics
36:26 Fletching
36:42 Scale Barding Armor
36:48 Forging
36:39 Padded Archer Armor
36:52 Paladin
38:06 Padded Archer Armor
38:56 Siege Engineers
39:38 Bodkin Arrow
39:58 Leather Archer Armor
39:45 Scale Mail Armor
44:16 Chain Barding Armor
44:11 Chain Mail Armor
44:32 Iron Casting
44:13 Masonry
43:46 Treadmill Crane
44:24 Chivalry
46:15 Plate Barding Armor
45:20 Elite Skirmisher
50:24 Blast Furnace
49:54 Plate Mail Armor
50:53 Pikeman
58:22 Light Cavalry
59:00 Halberdier
61:23 Husbandry
66:41 Caravan
Jiwisd
11:39 Feudal Age
13:09 Wheelbarrow
13:08 Double-Bit Axe
18:57 Castle Age
17:16 Horse Collar
20:00 Heavy Plow
20:30 Bow Saw
26:19 Fortified Wall
31:51 Imperial Age
30:17 Hand Cart
29:48 Town Watch
32:23 Chemistry
31:44 Ballistics
31:17 Fletching
31:38 Forging
31:28 Scale Mail Armor
31:29 Padded Archer Armor
33:01 Bodkin Arrow
34:50 Wagenburg Tactics
34:28 Elite Skirmisher
37:20 Bracer
37:35 Leather Archer Armor
44:55 Man-at-Arms
46:08 Ring Archer Armor
45:53 Chain Mail Armor
46:14 Iron Casting
46:17 Siege Engineers
45:59 Arrowslits
46:59 Long Swordsman
47:40 Squires
48:25 Two-Handed Swordsman
50:36 Two-Man Saw
51:03 Champion
52:50 Houfnice
54:33 Pikeman
56:33 Plate Mail Armor
57:03 Blast Furnace
72:00 Caravan
73:48 Elite Hussite Wagon
76:31 Conscription
76:16 Hussite Reforms
76:46 Fervor
captain_shadow26
0:29 Loom
13:39 Feudal Age
14:28 Double-Bit Axe
18:16 Castle Age
16:48 Stone Mining
18:46 Horse Collar
19:32 Bow Saw
19:51 Heavy Plow
25:41 Gold Mining
27:05 Gold Shaft Mining
27:50 Wheelbarrow
31:45 Imperial Age
31:43 Ballistics
31:18 Fletching
31:28 Padded Archer Armor
31:29 Scale Mail Armor
31:39 Forging
32:16 Bodkin Arrow
33:34 Leather Archer Armor
34:27 Chemistry
34:32 Two-Man Saw
36:40 Siege Engineers
36:37 Pikeman
37:18 Squires
37:03 Gambesons
40:16 Ring Archer Armor
39:46 Bracer
40:02 Chain Mail Armor
41:15 Elite Skirmisher
41:41 Halberdier
43:00 Iron Casting
42:56 Elite Longbowman
45:05 Yeomen
44:46 Warwolf
66:08 Conscription
72:41 Onager
LeitW0LF
0:28 Loom
11:28 Feudal Age
11:54 Double-Bit Axe
11:51 Horse Collar
14:34 Wheelbarrow
21:18 Castle Age
20:30 Stone Mining
20:33 Gold Mining
22:18 Bow Saw
22:09 Heavy Plow
22:49 Stone Shaft Mining
22:33 Hand Cart
23:24 Fortified Wall
22:57 Treadmill Crane
25:41 Masonry
32:52 Imperial Age
30:58 Ballistics
30:35 Man-at-Arms
30:36 Pikeman
31:16 Squires
31:02 Arson
31:25 Thumb Ring
31:38 Town Watch
32:30 Forging
32:13 Fletching
32:25 Padded Archer Armor
32:28 Scale Mail Armor
31:51 Elite Skirmisher
32:33 Crossbowman
32:35 Long Swordsman
33:12 Bodkin Arrow
33:57 Iron Casting
34:04 Arbalester
35:50 Imperial Skirmisher
37:04 Paper Money
37:17 Leather Archer Armor
37:21 Elite Rattan Archer
39:13 Bracer
40:03 Ring Archer Armor
40:59 Chemistry
40:07 Siege Engineers
40:35 Light Cavalry
41:27 Bloodlines
41:18 Husbandry
42:48 Scale Barding Armor
44:51 Chain Barding Armor
46:48 Plate Barding Armor
48:17 Chain Mail Armor
47:26 Halberdier
50:41 Plate Mail Armor
58:09 Caravan
58:40 Coinage
58:21 Guilds
62:39 Chatras
63:21 Banking
62:22 Elite Battle Elephant
Maudi
0:28 Loom
11:51 Feudal Age
16:19 Castle Age
14:11 Double-Bit Axe
14:08 Horse Collar
16:02 Wheelbarrow
17:54 Fervor
20:33 Heavy Plow
24:12 Bow Saw
28:09 Imperial Age
25:29 Town Watch
27:48 Chemistry
27:45 Pikeman
28:25 Squires
28:29 Arson
28:35 Fletching
29:16 Hand Cart
29:29 Murder Holes
32:31 Bodkin Arrow
32:36 Scale Mail Armor
32:47 Forging
33:07 Conscription
35:47 Siege Engineers
35:53 Elite Skirmisher
38:20 Ballistics
38:04 Imperial Skirmisher
40:02 Houfnice
41:07 Wagenburg Tactics
42:28 Houfnice
43:46 Chain Mail Armor
46:47 Halberdier
48:39 Padded Archer Armor
51:59 Bracer
53:03 Leather Archer Armor
61:05 Ring Archer Armor
69:04 Husbandry
69:10 Scale Barding Armor
69:14 Light Cavalry
72:29 Arrowslits
72:56 Masonry
Mr.Herzberg
0:26 Loom
12:12 Feudal Age
13:22 Double-Bit Axe
21:16 Castle Age
20:40 Gold Mining
21:32 Stone Mining
23:59 Scale Barding Armor
24:06 Forging
28:58 Gold Shaft Mining
31:35 Imperial Age
32:09 Wheelbarrow
32:12 Chain Barding Armor
32:28 Iron Casting
31:45 Fletching
33:40 Plate Barding Armor
34:18 Cavalier
34:58 Husbandry
37:39 Chemistry
42:50 Pikeman
43:31 Squires
43:16 Arson
43:30 Halberdier
44:46 Bodkin Arrow
45:52 Blast Furnace
45:16 Elite Skirmisher
47:07 Padded Archer Armor
46:57 Imperial Skirmisher
65:14 Leather Archer Armor
68:05 Light Cavalry
Connection lost

Rejoining the realm…

Still unreachable

The connection could not be restored.

Session expired

The server has moved on; the page needs a fresh start.